PUB
MONTREAL ROYALS @ LOUISVILLE REDBIRDS
04/04/1972
 
TOP OF THE 1ST
Montreal Royals batting - Pitching for Louisville Redbirds : RHP James Jacobson
Pitching: RHP James Jacobson
Batting: LHB Javier García 0-0: Called Strike
0-1: Ball
1-1: Ball
2-1: Called Strike
2-2: Foul Ball, location: 2F
2-2: Foul Ball, location: 9LSF
2-2: Ball
3-2: Base on Balls
Batting: RHB Luis López 0-0: Called Strike
0-1: Ball
1-1: Ball
2-1: Ball
3-1: Swinging Strike
3-2: Strikes out swinging
Batting: LHB Nick Nix 0-0: Ball
1-0: Called Strike
1-1: Swinging Strike
1-2: Foul Ball, location: 25FF
1-2: Strikes out swinging
Batting: RHB Juan Méndez 0-0: Ground out 4-3 (Groundball, 4, EV 78.8 MPH)
Top of the 1st over - 0 runs, 0 hits, 0 errors, 1 left on base; Montreal 0 - Louisville 0
BOTTOM OF THE 1ST
Louisville Redbirds batting - Pitching for Montreal Royals : RHP Dave Wiggins
Pitching: RHP Dave Wiggins
Batting: LHB Lou Jensen 0-0: Ball
1-0: Ball
2-0: Called Strike
2-1: SINGLE (Line Drive, 7LS, EV 91.9 MPH)
Batting: RHB Neal Booth 0-0: Swinging Strike
0-1: Swinging Strike
0-2: Foul Ball, location: 23F
0-2: Strikes out looking
Batting: LHB Reggie Jackson 0-0: Foul Ball, location: 2RF
0-1: Ball
1-1: Grounds into double play, 4-6-3 (Groundball, 34, EV 90.6 MPH)
Bottom of the 1st over - 0 runs, 1 hit, 0 errors, 0 left on base; Montreal 0 - Louisville 0
TOP OF THE 2ND
Montreal Royals batting - Pitching for Louisville Redbirds : RHP James Jacobson
Batting: RHB Cleon Jones 0-0: Called Strike
0-1: Foul Ball, location: 2F
0-2: Strikes out swinging
Batting: LHB Tadataka Miura 0-0: Foul Ball, location: 23F
0-1: Foul Ball, location: 7LSF
0-2: Ball
1-2: Ball
2-2: Ball
3-2: Fly out, F6 (Popup, 6, EV 73.8 MPH)
Batting: LHB Jake Cameron 0-0: Fly out, F7 (Line Drive, 7S, EV 86.3 MPH)
Top of the 2nd over - 0 runs, 0 hits, 0 errors, 0 left on base; Montreal 0 - Louisville 0
BOTTOM OF THE 2ND
Louisville Redbirds batting - Pitching for Montreal Royals : RHP Dave Wiggins
Batting: RHB Richard Fields 0-0: Called Strike
0-1: Ball
1-1: Ground out 4-3 (Groundball, 4, EV 81.3 MPH)
Batting: LHB Kerry Thomas 0-0: Ball
1-0: Called Strike
1-1: Ball
2-1: Fly out, F7 (Flyball, 7LD, EV 80.6 MPH)
Batting: RHB Carlton Fisk 0-0: Foul Ball, location: 9LDF
0-1: Called Strike
0-2: Ground out 1-3 (Groundball, 15S, EV 72.5 MPH)
Bottom of the 2nd over - 0 runs, 0 hits, 0 errors, 0 left on base; Montreal 0 - Louisville 0
TOP OF THE 3RD
Montreal Royals batting - Pitching for Louisville Redbirds : RHP James Jacobson
Batting: RHB Stewart Gray 0-0: Called Strike
0-1: Called Strike
0-2: Ball
1-2: Ball
2-2: Foul Ball, location: 3F
2-2: Strikes out swinging
Batting: RHB Dave Wiggins 0-0: Called Strike
0-1: Called Strike
0-2: Ball
1-2: Foul Ball, location: 2RF
1-2: Ball
2-2: Fly out, F8 (Flyball, 8LD, EV 104.4 MPH)
Batting: LHB Javier García 0-0: Called Strike
0-1: Foul Ball, location: 25F
0-2: Ball
1-2: Ball
2-2: Ground out 4-3 (Groundball, 4, EV 90.6 MPH)
Top of the 3rd over - 0 runs, 0 hits, 0 errors, 0 left on base; Montreal 0 - Louisville 0
BOTTOM OF THE 3RD
Louisville Redbirds batting - Pitching for Montreal Royals : RHP Dave Wiggins
Batting: RHB Patrick Bailey 0-0: Ball
1-0: DOUBLE (Line Drive, 3D, EV 106.3 MPH)
Batting: LHB José Zavala 0-0: Ball
Patrick Bailey is caught stealing 3rd base 2-5
1-0: Ball
2-0: Called Strike
2-1: Foul Ball, location: 7LDF
2-2: Foul Ball, location: 3F
2-2: Foul Ball, location: 2F
2-2: Ball
3-2: Strikes out swinging
Batting: RHB James Jacobson 0-0: Ball
1-0: Swinging Strike
1-1: Swinging Strike
1-2: Ball
2-2: Strikes out looking
Bottom of the 3rd over - 0 runs, 1 hit, 0 errors, 0 left on base; Montreal 0 - Louisville 0
TOP OF THE 4TH
Montreal Royals batting - Pitching for Louisville Redbirds : RHP James Jacobson
Batting: RHB Luis López 0-0: DOUBLE (Flyball, 8RXD, EV 110.6 MPH)
Batting: LHB Nick Nix 0-0: 2-RUN HOME RUN (Flyball, 7LD, EV 88.8 MPH), Distance : 335 ft
Batting: RHB Juan Méndez 0-0: Ball
1-0: Swinging Strike
1-1: Ground out 6-3 (Groundball, 6M, EV 107.5 MPH)
Batting: RHB Cleon Jones 0-0: Fly out, F9 (Flyball, 89S, EV 95.0 MPH)
Batting: LHB Tadataka Miura 0-0: Ball
1-0: Called Strike
1-1: Foul Ball, location: 25F
1-2: Ball
2-2: Foul Ball, location: 2F
2-2: Ball
3-2: Base on Balls
Batting: LHB Jake Cameron 0-0: Ball
1-0: SINGLE (Line Drive, 6D, EV 100.0 MPH)
Tadataka Miura to second
Runner from 2nd tries for 3rd, SAFE, throw by CF made to third
Pinch Runner at 3rd Steve Robinson:
Batting: RHB Stewart Gray 0-0: Ball
1-0: Called Strike
1-1: 3-RUN HOME RUN (Flyball, 89XD, EV 103.1 MPH), Distance : 417 ft
Batting: RHB Dave Wiggins 0-0: Called Strike
0-1: Fly out, F8 (Flyball, 8LD, EV 101.3 MPH)
Top of the 4th over - 5 runs, 4 hits, 0 errors, 0 left on base; Montreal 5 - Louisville 0
BOTTOM OF THE 4TH
Louisville Redbirds batting - Pitching for Montreal Royals : RHP Dave Wiggins
Now at C: Steve Robinson
Batting: LHB Lou Jensen 0-0: Ball
1-0: Called Strike
1-1: Called Strike
1-2: Strikes out looking
Batting: RHB Neal Booth 0-0: Foul Ball, location: 2RF
0-1: Ball
1-1: Swinging Strike
1-2: Strikes out swinging
Batting: LHB Reggie Jackson 0-0: Ball
1-0: Called Strike
1-1: Swinging Strike
1-2: Strikes out swinging
Bottom of the 4th over - 0 runs, 0 hits, 0 errors, 0 left on base; Montreal 5 - Louisville 0
TOP OF THE 5TH
Montreal Royals batting - Pitching for Louisville Redbirds : RHP James Jacobson
Batting: LHB Javier García 0-0: Foul Ball, location: 3FF
0-1: Ball
1-1: Swinging Strike
1-2: Strikes out swinging
Batting: RHB Luis López 0-0: Ball
1-0: Ball
2-0: Ground out 5-3 (Groundball, 56, EV 100.6 MPH)
Batting: LHB Nick Nix 0-0: Swinging Strike
0-1: Ground out U3 (Groundball, 3, EV 86.3 MPH)
Top of the 5th over - 0 runs, 0 hits, 0 errors, 0 left on base; Montreal 5 - Louisville 0
BOTTOM OF THE 5TH
Louisville Redbirds batting - Pitching for Montreal Royals : RHP Dave Wiggins
Batting: RHB Richard Fields 0-0: Ball
1-0: Swinging Strike
1-1: Ball
2-1: Swinging Strike
2-2: Strikes out looking
Batting: LHB Kerry Thomas 0-0: Ball
1-0: Ball
2-0: Swinging Strike
2-1: Ball
3-1: Base on Balls
Batting: RHB Carlton Fisk 0-0: Ball
1-0: Ball
2-0: Foul Ball, location: 7LMF
2-1: Foul Ball, location: 5FF
2-2: Ball
3-2: Foul Ball, location: 9LDF
3-2: Base on Balls
Kerry Thomas to second
Batting: RHB Patrick Bailey 0-0: Ball
1-0: Fly out, F9 (Flyball, 9S, EV 93.8 MPH)
Batting: LHB José Zavala 0-0: Called Strike
0-1: Swinging Strike
0-2: Ball
1-2: Foul Ball, location: 7LMF
1-2: Ball
2-2: Ball
3-2: 3-RUN HOME RUN (Flyball, 8RXD, EV 106.9 MPH), Distance : 427 ft
Batting: RHB James Jacobson 0-0: Fly out, F7 (Line Drive, 7S, EV 102.5 MPH)
Bottom of the 5th over - 3 runs, 1 hit, 0 errors, 0 left on base; Montreal 5 - Louisville 3
TOP OF THE 6TH
Montreal Royals batting - Pitching for Louisville Redbirds : RHP James Jacobson
Batting: RHB Juan Méndez 0-0: Called Strike
0-1: Ball
1-1: Foul Ball, location: 9LSF
1-2: Ball
2-2: Ball
3-2: Strikes out looking
Batting: RHB Cleon Jones 0-0: Ball
1-0: SINGLE (Groundball, 4MD, EV 103.8 MPH)
Batting: RHB Steve Robinson 0-0: Called Strike
0-1: Swinging Strike
0-2: Strikes out swinging
Batting: LHB Jake Cameron 0-0: Fielders Choice at 2nd, 5-4 (Groundball, 56, EV 106.9 MPH)
Top of the 6th over - 0 runs, 1 hit, 0 errors, 1 left on base; Montreal 5 - Louisville 3
BOTTOM OF THE 6TH
Louisville Redbirds batting - Pitching for Montreal Royals : RHP Dave Wiggins
Batting: LHB Lou Jensen 0-0: Foul Ball, location: 23F
0-1: Ball
1-1: Ball
2-1: Ball
3-1: Ground out 4-3 (Groundball, 4, EV 106.3 MPH)
Batting: RHB Neal Booth 0-0: Swinging Strike
0-1: Ball
1-1: Ball
2-1: Foul Ball, location: 2F
2-2: SINGLE (Line Drive, 89S, EV 86.3 MPH)
Batting: LHB Reggie Jackson 0-0: Swinging Strike
0-1: Called Strike
0-2: Ball
1-2: Foul Ball, location: 2F
1-2: Strikes out swinging
Batting: RHB Richard Fields 0-0: Ball
1-0: Ground out 6-3 (Groundball, 6S, EV 75.6 MPH)
Bottom of the 6th over - 0 runs, 1 hit, 0 errors, 1 left on base; Montreal 5 - Louisville 3
TOP OF THE 7TH
Montreal Royals batting - Pitching for Louisville Redbirds : RHP James Jacobson
Batting: RHB Stewart Gray 0-0: Called Strike
0-1: Ball
1-1: Called Strike
1-2: Ball
2-2: Strikes out looking
Pinch Hitting: LHB Jesse Lewis 0-0: Ground out 6-3 (Groundball, 6S, EV 79.4 MPH)
Batting: LHB Javier García 0-0: Ball
1-0: Called Strike
1-1: Foul Ball, location: 3FF
1-2: Ball
2-2: Strikes out swinging
Top of the 7th over - 0 runs, 0 hits, 0 errors, 0 left on base; Montreal 5 - Louisville 3
BOTTOM OF THE 7TH
Louisville Redbirds batting - Pitching for Montreal Royals : RHP Dave Wiggins
Pitching: RHP Bill Kidder
Batting: LHB Kerry Thomas 0-0: Called Strike
0-1: Ball
1-1: Called Strike
1-2: Strikes out swinging
Batting: RHB Carlton Fisk 0-0: Ball
1-0: Foul Ball, location: 5SF
1-1: SOLO HOME RUN (Flyball, 78XD, EV 115.0 MPH), Distance : 469 ft
Pinch Hitting: RHB Chet Small 0-0: Called Strike
0-1: Swinging Strike
0-2: Strikes out looking
Batting: LHB José Zavala 0-0: Ball
1-0: Foul Ball, location: 3SF
1-1: Foul Ball, location: 7LMF
1-2: Hit by Pitch
Batting: RHB James Jacobson 0-0: Ball
1-0: Called Strike
1-1: Swinging Strike
1-2: Ball
2-2: Ball
3-2: SINGLE (Flyball, 6D, EV 91.9 MPH)
José Zavala to second
José Zavala to third
Batting: LHB Lou Jensen 0-0: Ball
1-0: Ball
2-0: Called Strike
2-1: Swinging Strike
2-2: Ground out 4-3 (Groundball, 34D, EV 98.8 MPH)
Bottom of the 7th over - 1 run, 2 hits, 0 errors, 2 left on base; Montreal 5 - Louisville 4
TOP OF THE 8TH
Montreal Royals batting - Pitching for Louisville Redbirds : RHP James Jacobson
Now at SS: Richie Hebner
Batting: RHB Luis López 0-0: Swinging Strike
0-1: Swinging Strike
0-2: Ground out 5-3 (Groundball, 5L, EV 81.3 MPH)
Batting: LHB Nick Nix 0-0: Called Strike
0-1: SINGLE (Groundball, 34D, EV 99.4 MPH)
Batting: RHB Juan Méndez 0-0: Ball
1-0: Ball
2-0: Foul Ball, location: 3SF
2-1: Called Strike
2-2: Grounds into double play, 4-6-3 (Groundball, 4, EV 86.3 MPH)
Top of the 8th over - 0 runs, 1 hit, 0 errors, 0 left on base; Montreal 5 - Louisville 4
BOTTOM OF THE 8TH
Louisville Redbirds batting - Pitching for Montreal Royals : RHP Bill Kidder
Batting: RHB Neal Booth 0-0: Ball
1-0: Ball
2-0: Called Strike
2-1: Swinging Strike
2-2: SINGLE (Groundball, 34D, EV 101.9 MPH)
Batting: LHB Reggie Jackson 0-0: Ball
1-0: Fielders Choice at 2nd, 4-6 (Groundball, 4, EV 87.5 MPH)
Batting: RHB Richard Fields 0-0: Foul Ball, location: 5F
0-1: Called Strike
0-2: Strikes out swinging
Batting: LHB Kerry Thomas 0-0: Called Strike
0-1: Ground out U3 (Groundball, 3, EV 86.9 MPH)
Bottom of the 8th over - 0 runs, 1 hit, 0 errors, 1 left on base; Montreal 5 - Louisville 4
TOP OF THE 9TH
Montreal Royals batting - Pitching for Louisville Redbirds : RHP James Jacobson
Batting: RHB Cleon Jones 0-0: Ground out 5-3 (Groundball, 56, EV 84.4 MPH)
Batting: RHB Steve Robinson 0-0: Ball
1-0: Foul Ball, location: 2F
1-1: Fly out, F3 (Popup, 3, EV 72.5 MPH)
Batting: LHB Jake Cameron 0-0: Fly out, F6 (Popup, 6MD, EV 59.4 MPH)
Top of the 9th over - 0 runs, 0 hits, 0 errors, 0 left on base; Montreal 5 - Louisville 4
BOTTOM OF THE 9TH
Louisville Redbirds batting - Pitching for Montreal Royals : RHP Bill Kidder
Now at 3B: Francis Smith
Now in LF: Cleon Jones
Now in CF: Paul Blair
Now in RF: Jake Cameron
Batting: RHB Carlton Fisk 0-0: SINGLE (Line Drive, 89D, EV 105.6 MPH)
Batting: LHB Richie Hebner 0-0: Called Strike
0-1: Fly out, F8 (Flyball, 8RD, EV 111.3 MPH)
Runner from 1st tags up, SAFE at 2nd
Pitching: RHP Carlos Vásquez
Batting: LHB José Zavala 0-0: Called Strike
0-1: Ball
1-1: Ball
2-1: Ball
3-1: Fly out, F9 (Flyball, 89M, EV 86.9 MPH)
Pinch Hitting: RHB Martin Horn 0-0: Ball
1-0: Foul Ball, location: 2F
1-1: Ball
2-1: SINGLE (Line Drive, 5D, EV 102.5 MPH)
Carlton Fisk to third
Runner from 3rd tries for Home, SAFE, throw by LF to home
Batting: LHB Lou Jensen 0-0: Called Strike
0-1: Foul Ball, location: 2F
0-2: Ground out 4-3 (Groundball, 4, EV 100.0 MPH)
Bottom of the 9th over - 1 run, 2 hits, 0 errors, 1 left on base; Montreal 5 - Louisville 5
TOP OF THE 10TH
Montreal Royals batting - Pitching for Louisville Redbirds : RHP James Jacobson
Pitching: RHP Danny Frisella
Batting: RHB Stewart Gray 0-0: Ball
1-0: Ball
2-0: Ball
3-0: Foul Ball, location: 2F
3-1: SINGLE (Groundball, 6MD, EV 95.0 MPH)
Pinch Hitting: LHB Bob Byers 0-0: Ball
1-0: Ball
2-0: Called Strike
2-1: Ball
3-1: Foul Ball, location: 7LMF
3-2: Foul Ball, location: 7LDF
3-2: Base on Balls
Stewart Gray to second
Batting: LHB Javier García 0-0: Ball
Stewart Gray steals 3rd base
1-0: SINGLE (Line Drive, 5, EV 68.1 MPH)
Stewart Gray scores
Bob Byers to second
Batting: RHB Luis López 0-0: Ball
1-0: Foul Ball, location: 5FF
1-1: Foul Ball, location: 5SF
1-2: SINGLE (Line Drive, 8LS, EV 104.4 MPH)
Bob Byers to third
Javier García to second
Batting: RHB Paul Blair 0-0: Ball
1-0: Called Strike
1-1: Foul Ball, location: 9LDF
1-2: Ball
2-2: SINGLE (Groundball, 34, EV 88.1 MPH)
Bob Byers scores
Javier García to third
Luis López to second
Runner from 3rd tries for Home, SAFE, throw by RF to home
Batting: RHB Francis Smith 0-0: Ball
1-0: DOUBLE (Line Drive, 78D, EV 105.6 MPH)
Luis López scores
Paul Blair to third
Pitching: RHP Curt Baker
Batting: RHB Cleon Jones 0-0: Called Strike
0-1: Swinging Strike
0-2: Ground out 5-3 (Groundball, 25, EV 88.8 MPH)
Batting: RHB Steve Robinson 0-0: Called Strike
0-1: Ball
1-1: Ball
2-1: Swinging Strike
2-2: Strikes out swinging
Batting: LHB Jake Cameron 0-0: Called Strike
0-1: Swinging Strike
0-2: Strikes out looking
Top of the 10th over - 4 runs, 5 hits, 0 errors, 2 left on base; Montreal 9 - Louisville 5
BOTTOM OF THE 10TH
Louisville Redbirds batting - Pitching for Montreal Royals : RHP Carlos Vásquez
Pitching: LHP Jud Coleman
Batting: RHB Neal Booth 0-0: Fly out, F8 (Flyball, 8RD, EV 93.1 MPH)
Batting: LHB Reggie Jackson 0-0: Called Strike
0-1: Foul Ball, location: 7LDF
0-2: Ball
1-2: Strikes out swinging
Batting: RHB Richard Fields 0-0: Ball
1-0: Ball
2-0: Called Strike
2-1: Foul Ball, location: 5F
2-2: Ball
3-2: Base on Balls
Batting: LHB Kerry Thomas 0-0: Ball
1-0: Called Strike
1-1: Called Strike
1-2: DOUBLE (Flyball, 8LXD, EV 98.8 MPH)
Richard Fields to third
Batting: RHB Carlton Fisk 0-0: Called Strike
0-1: SINGLE (Line Drive, 9LS, EV 109.4 MPH)
Richard Fields scores
Kerry Thomas to third
Batting: LHB Richie Hebner 0-0: Foul Ball, location: 2F
0-1: Ball
1-1: Ball
2-1: Ball
3-1: Called Strike
3-2: Foul Ball, location: 25FF
3-2: Foul Ball, location: 7LSF
3-2: Strikes out looking
Bottom of the 10th over - 1 run, 2 hits, 0 errors, 2 left on base; Montreal 9 - Louisville 6
Wednesday, February 21st , 2024 - OOTP Baseball 24.8 Build 75